 Dungeon Crawl Stone Soup version 0.30.1-4-g462c640d31 (webtiles) character file.

Game seed: 18361815623467847147

861 boopmooplesden the Covered (level 7, -3/64 HPs)
             Began as an Armataur Berserker on Aug 16, 2023.
             Was a Believer of Trog.
             Slain by a human
             ... wielding a +0 heavy hand axe
              (15 damage)
             ... in a bailey.
             The game lasted 00:04:51 (3144 turns).

boopmooplesden the Covered (Armataur Berserker)     Turns: 3144, Time: 00:04:51

Health: -3/64      AC:  6    Str: 25    XL:     7   Next: 71%
Magic:  7/7        EV: 10    Int:  7    God:    Trog [**....]
Gold:   517        SH:  0    Dex: 15    Spells: 6/6 levels left

rFire   + + .        m - +0 war axe
rCold   + . .        (no shield)
rNeg    . . .        b - +0 ring mail {rF+}
rPois   .            (no helmet)
rElec   .            j - scarf {rC+ rF+}
rCorr   +            (no gloves)
SInv    .            (no barding)
Will    .....        (no amulet)
Stlth   +            l - +6 ring of dexterity
HPRegen 0.30/turn    p - ring of resist corrosion
MPRegen 0.10/turn

%: roll
@: on berserk cooldown, slowed, very slow
A: large, rugged brown scales 3, deformed body, armoured tail, roll, long
tongue, awkward tongue
a: Renounce Religion, Berserk, Trog's Hand


You were in a bailey.
You worshipped Trog.
Trog was pleased with you.
You visited 1 branch of the dungeon, and saw 5 of its levels.
You also visited: Bailey.

You collected 706 gold pieces.
You spent 189 gold pieces at shops.

Inventory:

Hand Weapons
 a - a +0 hand axe
 m - a +0 war axe (weapon)
Armour
 b - a +0 ring mail of fire resistance (worn)
 f - a +0 ring mail
 j - a scarf of resistance (worn)
 n - a +0 cloak
Jewellery
 l - a +6 ring of dexterity (left hand)
 p - a ring of resist corrosion (right hand)
Scrolls
 k - 2 scrolls of identify
Potions
 c - 2 potions of ambrosia {unknown}
 d - 3 potions of heal wounds {unknown}
 e - a potion of brilliance {unknown}
 g - 2 potions of curing {unknown}
 h - 3 potions of attraction
 i - a potion of degeneration {unknown}
 o - a potion of resistance {unknown}


   Skills:
 + Level 4.4 Fighting
 + Level 5.2 Axes
 + Level 5.6 Armour
 + Level 2.6 Dodging
 + Level 1.5 Stealth


You had 6 spell levels left.
You didn't know any spells.
Your spell library was empty.

Dungeon Overview and Level Annotations

Branches:
Dungeon (7/15)             Bailey (1/1)
 Temple: D:4-7

Altars:
Cheibriados
Uskayaw

Shops:
D:1 *


Innate Abilities, Weirdness & Mutations

You are completely covered in rugged brown scales. (AC +3, +7% HP)
Armour fits poorly on your strangely shaped body.
You have a long armoured tail.
You roll when moving toward enemies. (Rampage)
Your long tongue fully drains potion bottles. (2x potion effects)
Your tongue gives you trouble enunciating. (1.5x scroll delay)


Message History

You closely miss the human.
The human is heavily wounded.
The human hits you with a +1 heavy hand axe!
You closely miss the human. You tail-slap the human!
You kill the human!
Trog accepts your kill.
Your Axes skill increases to level 5!
You slice the goblin!!
You feel the power of Trog in you as your rage grows.
You kill the goblin!
Trog accepts your kill.
A human comes into view. It is wielding a +0 heavy hand axe.
The human moves out of view.
Items here: ))) [[[ †.
You feel a strong urge to attack something.
Things that are here:
a +0 hand axe; a +0 leather armour; a gnoll corpse
There is an open door, spattered with blood here.
You feel your anger nearly subside.
You start resting.
Your blood rage is quickly leaving you.
You are no longer berserk.
You are exhausted.
You feel yourself slow down.
You start resting.
A human is nearby!
The human hits you with a +0 heavy hand axe!
There is an open door, spattered with blood here.
You slash the human! You tail-slap the human!
The human is severely wounded.
The human hits you with a +0 heavy hand axe!
* * * LOW HITPOINT WARNING * * *
You closely miss the human. You tail-slap the human.
The human is severely wounded.
The human hits you but does no damage.
You hit the human.
The human is almost dead.
The human hits you with a +0 heavy hand axe.
* * * LOW HITPOINT WARNING * * *
The human hits you with a +0 heavy hand axe!
You die...

## ##. #.. #.p
#..##
#...######
#####.......#
##...##p.....#
#..∩..@)...#+#
#.....######
#..∩..+
##...## #####


You could see a human.

Vanquished Creatures
  Sigmund (D:3)
  A human (Bailey)
  A water moccasin (D:7)
  An ice beast (D:4)
  A kobold brigand (D:4)
  A bullfrog (D:7)
  A scorpion (D:4)
  A hound (D:7)
  A jelly (D:7)
  2 gnolls (Bailey)
  4 adders
  A white imp (D:7)
  3 worms
  2 dart slugs
  4 orcs
  5 endoplasms
  3 giant cockroaches
  6 hobgoblins
  5 kobolds
  2 quokkas
  5 ball pythons
  6 bats
  5 frilled lizards
  6 goblins
  5 rats
73 creatures vanquished.

Notes
Turn   | Place    | Note
-------+----------+-------------------------------------------
     0 | D:1      | boopmooplesden the Armataur Berserker began the quest for
                  | the Orb.
     0 | D:1      | Reached XP level 1. HP: 19/19 MP: 1/1
   159 | D:1      | Reached XP level 2. HP: 26/26 MP: 2/2
   551 | D:1      | Found Zoemp's Assorted Antiques.
   559 | D:1      | Reached ** piety under Trog
   736 | D:1      | Identified a scroll of acquirement
   736 | D:1      | Acquired 583 gold pieces
   759 | D:1      | Bought a shiny ring mail for 189 gold pieces
   840 | D:2      | Reached XP level 3. HP: 26/33 MP: 3/3
   924 | D:2      | Found Caitsai's Weapon Shop.
  1573 | D:3      | Found a snail-covered altar of Cheibriados.
  1756 | D:3      | Reached XP level 4. HP: 32/40 MP: 4/4
  1978 | D:3      | Noticed Sigmund
  1988 | D:3      | Killed Sigmund
  1989 | D:3      | Reached XP level 5. HP: 48/48 MP: 5/5
  2230 | D:3      | Found a hide-covered altar of Uskayaw.
  2651 | D:4      | Reached XP level 6. HP: 39/55 MP: 6/6
  2748 | D:4      | Noticed an ice beast
  2769 | D:4      | Killed an ice beast
  2942 | D:4      | You fall into a shaft and drop 3 floors!
  2984 | D:7      | Noticed a water moccasin
  2993 | D:7      | Reached skill level 5 in Armour
  2993 | D:7      | Reached skill level 1 in Stealth
  2993 | D:7      | Reached XP level 7. HP: 53/63 MP: 7/7
  3000 | D:7      | Found a flagged portal.
  3035 | Bailey   | Entered a bailey
  3120 | Bailey   | Noticed a human
  3132 | Bailey   | Killed a human
  3133 | Bailey   | Reached skill level 5 in Axes
  3134 | Bailey   | Noticed a human
  3144 | Bailey   | Slain by a human

Illustrated notes

Levels and vault maps discovered:
D:1:      dpeg_arrival_solitude, layout_loops_ring, serial_shops, shop
D:2:      layout_loops_cross, serial_shops, shop
D:3:      layout_basic, mainiacjoe_overflow_surrounded_room,
          mainiacjoe_overflow_24_doors, uniq_sigmund
D:4:      layout_loops_ring, makhleb_altar_promises_db
D:7:      layout_gridville, gammafunk_ghost_split, enter_bailey_6
Bailey:   bailey_axe_froggy_fort_hellmonk, bailey

Skill      XL: |  1  2  3  4  5  6  7 |
---------------+----------------------+-----
Fighting       | 3 4 |  4.4
Axes           | 3 4 5 |  5.2
Armour         | 3 4 5 |  5.6
Dodging        | 2 |  2.6
Stealth        | 1 |  1.5

Action                     |  1- 3 |  4- 6 |  7- 9 || total
---------------------------+-------+-------+-------++-------
  Melee: Hand axe          |   101 |    56 |       ||   157
         Tailslap          |    14 |     9 |     6 ||    29
         Punch             |     1 |     1 |       ||     2
         War axe           |       |    30 |    22 ||    52
 Invoke: Berserk           |       |     3 |     1 ||     4
    Use: Scroll            |     3 |     2 |       ||     5
   Stab: Sleeping          |       |     1 |       ||     1
 Armour: Animal skin       |    13 |       |       ||    13
         Ring mail         |    30 |    41 |     5 ||    76
  Dodge: Dodged            |    44 |    39 |    11 ||    94
